 Dungeon Crawl Stone Soup version 0.28-a0-87-g9a7839dea9 (webtiles) character file.

Game seed: 13266098923363662151

36 ezpacito the Skirmisher (level 3, 0/29 HPs)
             Began as a Demonspawn Abyssal Knight on Aug 6, 2021.
             Was a Follower of Lugonu.
             Slain by a worm (7 damage)
             ... on level 2 of the Dungeon.
             The game lasted 00:01:28 (1669 turns).

ezpacito the Skirmisher (Demonspawn Abyssal Knight) Turns: 1669, Time: 00:01:29

Health: 0/29       AC:  3    Str: 12    XL:     3   Next: 19%
Magic:  5/5        EV: 11    Int: 13    God:    Lugonu [*.....]
Gold:   48         SH:  4    Dex: 13    Spells: 3/3 levels left

rFire   . . .      SeeInvis .   a - +1 hand axe
rCold   . . .      Faith    .   (no shield)
rNeg    . . .      Spirit   .   b - +0 leather armour
rPois   .          Reflect  .   (no helmet)
rElec   .          Harm     .   (no cloak)
rCorr   .          Rampage  .   (no gloves)
Will    .....                   (no boots)
Stlth   +.........              (no amulet)
HPRegen 0.09/turn               (no ring)
MPRegen 0.09/turn               (no ring)

@: no status effects
A: large bone plates 1
a: Renounce Religion, Depart the Abyss


You were on level 2 of the Dungeon.
You worshipped Lugonu.
Lugonu was aware of your devotion.
You visited 1 branch of the dungeon, and saw 2 of its levels.
You visited the Abyss 1 time.

You collected 48 gold pieces.

Inventory:

Hand Weapons
 a - a +1 hand axe (weapon)
Missiles
 c - 49 stones
Armour
 b - a +0 leather armour (worn)
Scrolls
 g - a scroll of identify {unknown}
 h - a scroll of blinking {unknown}
 j - a scroll of silence {unknown}
Potions
 i - a potion of magic


   Skills:
 + Level 3.2 Fighting
 * Level 2.3 Axes
 + Level 2.0 Armour
 + Level 1.2 Dodging
 + Level 0.6 Spellcasting
 + Level 2.8 Invocations


You had 3 spell levels left.
You didn't know any spells.
Your spell library was empty.

Dungeon Overview and Level Annotations

Branches:
Dungeon (2/15)

Altars:

Shops:
D:1 (=


Innate Abilities, Weirdness & Mutations

You are partially covered in large bone plates. (SH +4)


Message History

You miss the adder. The adder bites you. The adder barely misses you.
You hit the adder but do no damage. The adder bites you.
You are too injured to fight recklessly!
You are too injured to fight recklessly!
You slash the adder!
The adder is severely wounded.
The adder bites you. The adder closely misses you.
You hit the adder.
You kill the adder!
Lugonu accepts your kill.
A worm comes into view.
You have reached level 3!
Your experience leads to an increase in your attributes!
Increase (S)trength, (I)ntelligence, or (D)exterity?
You feel agile.
Things that are here:
an adder corpse; a hobgoblin corpse You hit the worm.
The worm is lightly wounded.
You block the worm's attack.
You barely miss the worm.
The worm is lightly wounded.
You block the worm's attack.
You barely miss the worm. You hit the worm.
The worm is moderately wounded.
You block the worm's attack.
Your leather armour prevents you from hitting the worm.
The worm is moderately wounded.
The worm bites you!
* * * LOW HITPOINT WARNING * * *
You barely miss the worm.
The worm is lightly wounded.
You hit the worm.
The worm is heavily wounded.
The worm bites you but does no damage.
You hit the worm.
The worm is severely wounded.
The worm bites you!
You die...

###.#.........####
#..........##.....
#.#....###.#######
#.###..# #.# #.#
#..# #.# #†#
#...!.#. #.#
#..### # #.# #...
#@# #.... #. #w#
##^.## #.# ......
... ...... #..
###.## #### #...
..##


You could see a worm.

Vanquished Creatures
  An adder (D:2)
  2 worms (D:2)
  3 ball pythons
  2 bats (D:1)
  2 goblins (D:1)
  A hobgoblin (D:2)
  5 jackals
  A frilled lizard (D:1)
  A kobold (D:1)
  3 rats (D:1)
21 creatures vanquished.

Notes
Turn   | Place    | Note
-------+----------+-------------------------------------------
     0 | Abyss:1  | ezpacito the Demonspawn Abyssal Knight began the quest for
                  | the Orb.
     0 | Abyss:1  | Reached XP level 1. HP: 18/18 MP: 2/2
   143 | Abyss:1  | Found a snail-covered altar of Cheibriados.
   153 | Abyss:1  | Noticed a thrashing horror
   156 | Abyss:1  | Noticed a large abomination
   162 | D:1      | Escaped the Abyss
   188 | D:1      | Reached skill level 1 in Dodging
   337 | D:1      | Found Muarotun's Jewellery Boutique.
   548 | D:1      | Gained mutation: You are partially covered in large bone
                  | plates. (SH +4) [demonic ancestry]
   548 | D:1      | Reached XP level 2. HP: 24/24 MP: 3/3
   697 | D:1      | Found Zilyanunu's Weapon Shoppe.
  1481 | D:2      | Reached * piety under Lugonu
  1658 | D:2      | Reached XP level 3. HP: 13/29 MP: 5/5
  1669 | D:2      | Slain by a worm

Illustrated notes

Levels and vault maps discovered:
D:1:      saegor_arrival_simple_a, layout_loops_corners, serial_shops,
          nicolae_shop_temple_entry_statues_fountains, shop, minmay_tetromino_o4
D:2:      minmay_diamond_boxcup, layout_loops_ring, uniq_terence

Skill      XL: |  1  2 |
---------------+-------+-----
Dodging        | 1 |  1.2
Axes           | 2 |  2.3
Armour         | 2 |  2.0
Fighting       | |  3.2
Spellcasting   | |  0.6
Invocations    | |  2.8

Action                   || total
-------------------------++-------
Melee: Hand axe          ||    87
Invok: Depart the Abyss  ||     1
  Use: Potion            ||     4
Armor: Leather armour    ||    17
Dodge: Dodged            ||    51
Block: Other             ||    13

Table legend: (Time is in decaauts)
 A = Elapsed time spent in this place.
 B = Non-inter-level travel time spent in this place.
 C = Inter-level travel time spent in this place.
 D = Time resting spent in this place.
 E = Time spent auto-exploring this place.
 F = Levels seen in this place.
 G = Mean time per level.
                   A        B        C        D        E       F      G
               +--------+--------+--------+--------+--------+-----+--------+
         Total |   1684 |   1628 |     56 |    417 |   1030 |   3 |  561.3 |
       Dungeon |   1522 |   1466 |     56 |    417 |    875 |   2 |  761.0 |
         Abyss |    162 |    162 |      0 |      0 |    155 |   1 |  162.0 |
               +--------+--------+--------+--------+--------+-----+--------+

Top non-repeatable levels by time:
     D:1: 979 daAuts
     D:2: 543 daAuts
 Abyss:1: 162 daAuts
